 Dungeon Crawl Stone Soup version 0.23-a0-607-g760965b (console) character file.

140 Duffy the Chopper (level 5, 45/45 HPs)
             Began as a Naga Gladiator on Dec 20, 2018.
             Quit the game in the Ecumenical Temple.
             The game lasted 00:01:02 (981 turns).

Duffy the Chopper (Naga Gladiator)                   Turns: 981, Time: 00:01:03

Health: 45/45      AC:  5    Str: 19    XL:     5   Next: 22%
Magic:  5/5        EV:  9    Int:  8    God:
Gold:   13         SH:  0    Dex: 13    Spells: 4/4 levels left

rFire    . . .     SeeInvis +   a - +0 war axe
rCold    . . .     Gourm    .   (no shield)
rNeg     . . .     Faith    .   i - +0 ring mail
rPois    +         Spirit   .   c - +0 helmet
rElec    .         Reflect  .   (no cloak)
rCorr    .         Harm     .   (no gloves)
MR       +....                  (no barding)
Stlth    +.........             (no amulet)
HPRegen  0.15/turn              j - +2 ring of strength
MPRegen  0.09/turn              l - ring of protection from magic

@: very slow
A: large, see invisible, deformed body, poison resistance, slowness 2, slow
metabolism 1, spit poison 1, AC +1
a: Spit Poison


You were in the Ecumenical Temple.
You were not hungry.

You visited 2 branches of the dungeon, and saw 5 of its levels.

You collected 13 gold pieces.

Inventory:

Hand Weapons
 a - a +0 war axe (weapon)
Missiles
 d - 3 throwing nets (quivered)
Armour
 c - a +0 helmet (worn)
 i - a +0 ring mail (worn)
Jewellery
 j - a +2 ring of strength (left hand)
 l - a ring of protection from magic (right hand)
Scrolls
 h - 2 scrolls of teleportation {unknown}
 k - a scroll of magic mapping {unknown}
Potions
 b - a potion of haste {unknown}
 e - 2 potions of curing {unknown}
Comestibles
 f - 2 rations


   Skills:
 - Level 2.0 Fighting
 + Level 5.7 Axes
 - Level 1.7 Throwing
 - Level 2.4 Dodging


You had 4 spell levels left.
You didn't know any spells.
Your spell library was empty.

Dungeon Overview and Level Annotations

Branches:
Dungeon (4/15)             Temple (1/1) D:4

Altars:
Ashenzari
Dithmenos
Elyvilon
Fedhas
Gozag
Hepliaklqana
Makhleb
Nemelex Xobeh
Okawaru
Qazlal
Sif Muna
Trog
Uskayaw
Vehumet
Wu Jian
Xom
Yredelemnul
Zin


Innate Abilities, Weirdness & Mutations

You cannot wear boots.
Your serpentine skin is tough. (AC +1)
You have supernaturally acute eyesight. (SInv)
Armour fits poorly on your strangely shaped body.
Your system is resistant to poisons. (rPois)
You cover ground very slowly.
You have a slow metabolism.
You can spit poison.


Message History

You open the door.
Found a stormy altar of Qazlal and a shattered altar of Ashenzari.
There is an open door here.
Found a white marble altar of Elyvilon.
Found a shadowy altar of Dithmenos.
There is an open door here.
There is an open door here.
Done exploring.
Done exploring.
Done exploring.
Done exploring.
Done exploring.
Done exploring.
Done exploring.
Done exploring.
Done exploring.
Done exploring.
Done exploring.
Done exploring.
Are you sure you want to abandon this character and quit the game? (Confirm

#########
######.......######
#........#........######
....###########........###
##### #######....### #####
######'###...## ....###
###.....######..##
._....## ##...._....##
##..## ...._..#
#.._..@.....# ##..#
.8.....# #.....8.._..#
#..## ..._...#
#..._.......# ##..#
_.....## ##....._...##
#..## ....### ###.....###
##..# ##### ####### #..#
####### #..# ##
###.....### #..# .##
##..._.....###..#


There were no monsters in sight!

Vanquished Creatures
  An ogre (D:4)
  A bullfrog skeleton (D:4)
  A worker ant (D:4)
  An adder skeleton (D:4)
  An orc (D:4)
  A frilled lizard (D:2)
  A quokka skeleton (D:4)
7 creatures vanquished.

Notes
Turn   | Place    | Note
-------+----------+-------------------------------------------
     0 | D:1      | Duffy the Naga Gladiator began the quest for the Orb.
     0 | D:1      | Reached XP level 1. HP: 19/19 MP: 1/1
   403 | D:4      | Reached skill level 4 in Axes
   403 | D:4      | Reached XP level 2. HP: 11/26 MP: 2/2
   403 | D:4      | Reached XP level 3. HP: 13/32 MP: 3/3
   439 | D:4      | Noticed an ogre
   557 | D:4      | Killed an ogre
   557 | D:4      | Reached skill level 5 in Axes
   557 | D:4      | Reached XP level 4. HP: 36/39 MP: 4/4
   557 | D:4      | Reached XP level 5. HP: 41/45 MP: 5/5
   626 | D:4      | Found a staircase to the Ecumenical Temple.
   640 | Temple   | Entered the Ecumenical Temple
   981 | Temple   | Quit the game

Vault maps used:
D:1:      dpeg_arrival_simpleton_b, hex_large, minmay_worlds_worst_comb
D:2:      lemuel_round_altar, kennysheep_vampire_church, minmay_heptomino_d4
D:3:      serial_glass, glass_columns_a, glass_columns_a, glass_columns_b,
          glass_columns_b, glass_columns_b, glass_columns_b, feat_on_display,
          due_unseen_surprise, minmay_strange_pillars, item_on_display_a
D:4:      minmay_temple_entry_hall, ebering_ghost_inner_flame, hex_tiny
Temple:   dpeg_five_rooms_temple

Skill      XL: |  1  2  3 |
---------------+----------+-----
Axes           | 4 5 |  5.7
Fighting       | |  2.0
Throwing       | |  1.7
Dodging        | |  2.4

Action                   |  1- 3 |  4- 6 || total
-------------------------+-------+-------++-------
Melee: War axe           |    22 |     7 ||    29
 Abil: Spit Poison       |     2 |     1 ||     3
Armor: Ring mail         |     4 |     2 ||     6
       Leather armour    |     1 |       ||     1
Dodge: Dodged            |    15 |     1 ||    16

Table legend:
 A = Non-vault XP
 B = Vault XP
 C = Vault XP percentage of total XP
 D = Non-vault monster count
 E = Vault monster count
 F = Vault count percentage of total count
                 A         B        C        D         E       F
            +---------+---------+-------+---------+---------+-------
      Total |     200 |       0 |   0.0 |       7 |       0 |   0.0
            +---------+---------+-------+---------+---------+-------
        D:2 |       1 |       0 |   0.0 |       1 |       0 |   0.0
        D:4 |     199 |       0 |   0.0 |       6 |       0 |   0.0
            +---------+---------+-------+---------+---------+-------
